Map: Lightshade LE

Players

MCanning

  • Race: Protoss Protoss

Astrea - Winner!

  • Race: Protoss Protoss
  • League: Master

Event: DreamHack SC2 Masters 2021 Summer

VOD

Have the link to the VOD?

Description

Time

  • Played on: May 26, 2021, 4:08 p.m.
  • Length: 15:42

All games in this series

Show
View Real Time Build Order
Export as new Build Order

MCanning Protoss 

Build Orders: Oracle Opening, Carriers 

Get SALT Encoding   

  12  0:00  Probe  
  13  0:12  Probe  
  14  0:17  Pylon  
  14  0:24  Probe  
  15  0:36  Probe (Chrono Boost)  
  15  0:37  Gateway  
  16  0:47  Probe (Chrono Boost), Assimilator  
  17  0:51  Probe (Chrono Boost)  
  17  0:55  Assimilator  
  18  1:03  Probe (Chrono Boost)  
  19  1:11  Gateway  
  19  1:12  Probe (Chrono Boost)  
  19  1:17  Probe (Chrono Boost)  
  20  1:25  Cybernetics Core  
  21  1:29  Probe  
  22  1:36  Pylon  
  22  1:41  Probe  
  23  1:54  Probe  
  24  2:01  Stalker (Chrono Boost)  
  24  2:02  Warp Gate  
  28  2:09  Sentry (Chrono Boost)  
  28  2:12  Probe  
  28  2:15  Pylon  
  29  2:20  Pylon  
  29  2:22  Stalker  
  31  2:32  Stalker  
  33  2:52  Nexus  
  33  3:03  Stargate  
  33  3:06  Probe  
  34  3:16  Shield Battery  
  34  3:18  Probe (Chrono Boost)  
  35  3:25  Pylon  
  35  3:30  Probe (Chrono Boost)  
  36  3:37  Probe (Chrono Boost)  
  36  3:40  Pylon  
  37  3:44  Probe  
  37  3:47  Oracle  
  41  3:51  Sentry  
  41  3:53  Sentry  
  45  3:57  Probe (Chrono Boost)  
  46  4:03  Probe (Chrono Boost)  
  48  4:14  Probe x2 (Chrono Boost), Robotics Facility  
  49  4:19  Probe (Chrono Boost)  
  49  4:23  Probe (Chrono Boost)  
  51  4:30  Probe (Chrono Boost)  
  52  4:37  Probe x2 (Chrono Boost)  
  54  4:38  Forge  
  54  4:41  Void Ray  
  54  4:44  Probe  
  54  4:45  Probe  
  56  4:51  Assimilator  
  60  4:53  Assimilator  
  60  4:56  Probe  
  60  4:57  Probe  
  62  5:08  Probe  
  62  5:09  Probe, Stargate  
  62  5:11  Pylon  
  64  5:17  Immortal (Chrono Boost)  
  64  5:20  Probe  
  64  5:21  Probe  
  70  5:24  Pylon, Immortal (Chrono Boost)  
  70  5:28  Pylon  
  70  5:31  Void Ray  
  70  5:32  Probe  
  71  5:38  Probe  
  76  5:44  Probe  
  76  5:49  Void Ray (Chrono Boost)  
  77  5:50  Observer (Chrono Boost), Probe, Pylon  
  83  6:04  Nexus  
  83  6:05  Pylon  
  83  6:10  Zealot  
  85  6:16  Probe  
  90  6:20  Void Ray (Chrono Boost)  
  90  6:26  Photon Cannon, Robotics Bay  
  90  6:27  Shield Battery  
  90  6:29  Probe  
  90  6:30  Void Ray (Chrono Boost)  
  91  6:33  Photon Cannon  
  95  6:44  Probe  
  96  6:48  Pylon  
  96  6:49  Probe  
  96  6:53  Void Ray (Chrono Boost)  
  97  6:54  Stalker  
  97  6:56  Probe  
  97  6:58  Photon Cannon  
  104  7:03  Disruptor (Chrono Boost)  
  104  7:04  Probe  
  105  7:08  Probe  
  105  7:10  Assimilator  
  105  7:13  Photon Cannon  
  105  7:15  Disruptor (Chrono Boost), Assimilator  
  109  7:21  Probe  
  111  7:27  Photon Cannon, Shield Battery, Void Ray  
  110  7:30  Photon Cannon  
  110  7:32  Void Ray  
  118  7:50  Photon Cannon  
  119  7:51  Photon Cannon  
  119  7:53  Pylon  
  119  7:56  Zealot x2  
  120  8:04  Probe, Void Ray (Chrono Boost)  
  121  8:07  Pylon  
  121  8:11  Disruptor (Chrono Boost)  
  126  8:13  Probe  
  126  8:14  Shield Battery  
  126  8:17  Probe  
  126  8:18  Shield Battery  
  128  8:20  Protoss Air Weapons Level 1  
  128  8:21  Zealot  
  128  8:22  Void Ray (Chrono Boost)  
  128  8:26  Disruptor (Chrono Boost)  
  134  8:35  Zealot  
  134  8:37  Shield Battery  
  134  8:39  Photon Cannon  
  136  8:44  Disruptor (Chrono Boost)  
  139  8:50  Zealot  
  139  8:52  Robotics Facility  
  141  8:57  Photon Cannon  
  141  9:01  Fleet Beacon  
  141  9:05  Probe  
  141  9:07  Void Ray  
  141  9:08  Phoenix  
  140  9:12  Disruptor  
  147  9:24  Gateway  
  147  9:27  Protoss Shields Level 1  
  147  9:28  Pylon  
  147  9:31  Probe  
  148  9:40  Void Ray  
  148  9:46  Disruptor  
  155  9:53  Zealot  
  155  9:57  Flux Vanes  
  157  10:06  Pylon  
  157  10:09  Pylon x2  
  157  10:18  Void Ray  
  157  10:19  Void Ray  
  157  10:24  Probe  
  157  10:26  Zealot  
  157  10:27  Zealot  
  167  10:30  Zealot  
  156  10:48  Pylon  
  156  10:50  Pylon  
  156  10:52  Pylon  
  156  10:56  Void Ray (Chrono Boost)  
  156  10:59  Carrier (Chrono Boost)  
  156  11:00  Stargate  
  156  11:01  Protoss Air Weapons Level 2 (Chrono Boost)  
  156  11:03  Nexus, Pylon  
  166  11:06  Disruptor, Pylon x2  
  169  11:23  Photon Cannon  
  169  11:24  Photon Cannon  
  169  11:26  Photon Cannon  
  169  11:27  Photon Cannon, Shield Battery  
  169  11:29  Photon Cannon  
  169  11:30  Void Ray (Chrono Boost)  
  169  11:36  Shield Battery  
  169  11:37  Shield Battery  
  169  11:38  Phoenix (Chrono Boost), Pylon  
  173  11:40  Disruptor  
  176  11:49  Disruptor  
  177  12:06  Carrier (Chrono Boost)  
  177  12:07  Photon Cannon  
  177  12:11  Photon Cannon  
  177  12:16  Disruptor  
  177  12:19  Carrier (Chrono Boost)  
  186  12:23  Zealot  
  186  12:24  Zealot  
  190  12:36  Zealot  
  188  12:37  Photon Cannon  
  188  12:40  Photon Cannon  
  188  12:51  Probe  
  188  12:52  Pylon, Shield Battery  
  188  12:55  Zealot x2  
  193  13:02  Twilight Council  
  193  13:11  Carrier (Chrono Boost)  
  164  13:27  Carrier (Chrono Boost)  
  166  13:37  Probe  
  152  13:54  Carrier (Chrono Boost)  
  158  13:57  Stargate  
  158  14:00  Templar Archives  
  158  14:02  Gateway  
  155  14:04  Gateway  
  161  14:10  Gateway  
  161  14:12  Carrier (Chrono Boost)  
  157  14:18  Carrier (Chrono Boost)  
  155  14:28  Probe  
  155  14:29  Assimilator  
  148  14:32  Assimilator  
  136  14:49  Zealot  
  136  14:50  Zealot x2  
  136  14:51  Probe  
  152  15:00  High Templar x2  
  152  15:04  Archon  
  152  15:06  Stalker  
  154  15:12  Nexus  
  154  15:14  Pylon  
Show
View Real Time Build Order
Export as new Build Order

Astrea Protoss - Winner!

Build Orders: Phoenix Opening, Blink Stalkers, Zealot Archon 

Get SALT Encoding   

  12  0:00  Probe  
  13  0:12  Probe  
  14  0:16  Pylon  
  14  0:24  Probe (Chrono Boost)  
  16  0:36  Probe (Chrono Boost), Gateway  
  16  0:43  Probe (Chrono Boost)  
  16  0:45  Assimilator  
  17  0:51  Probe  
  17  0:54  Assimilator  
  18  1:03  Probe (Chrono Boost)  
  19  1:06  Gateway  
  20  1:12  Probe (Chrono Boost)  
  20  1:17  Probe (Chrono Boost)  
  20  1:23  Cybernetics Core  
  21  1:29  Probe  
  22  1:34  Pylon  
  22  1:41  Probe  
  23  1:53  Probe  
  24  2:00  Stalker x2, Warp Gate  
  28  2:05  Probe  
  29  2:13  Pylon  
  29  2:17  Probe  
  30  2:31  Sentry x2  
  30  2:32  Probe  
  34  2:47  Nexus  
  35  2:51  Probe  
  35  2:57  Sentry  
  37  3:03  Probe  
  37  3:04  Pylon  
  37  3:05  Phoenix  
  38  3:13  Twilight Council  
  38  3:16  Probe  
  39  3:22  Shield Battery  
  39  3:28  Probe (Chrono Boost)  
  40  3:36  Forge  
  40  3:40  Probe (Chrono Boost)  
  41  3:45  Probe (Chrono Boost)  
  41  3:46  Blink (Chrono Boost)  
  42  3:52  Phoenix  
  43  3:57  Stalker  
  43  4:02  Stalker  
  46  4:05  Probe  
  46  4:06  Probe  
  46  4:08  Protoss Ground Weapons Level 1 (Chrono Boost)  
  48  4:10  Phoenix  
  49  4:17  Probe  
  49  4:19  Probe  
  49  4:22  Stalker  
  52  4:29  Probe  
  52  4:31  Probe, Stalker  
  56  4:41  Probe  
  56  4:43  Probe  
  58  4:53  Probe, Pylon  
  58  4:56  Nexus  
  58  4:57  Probe  
  60  5:05  Probe  
  61  5:09  Probe  
  61  5:12  Assimilator  
  62  5:16  Assimilator  
  62  5:17  Pylon  
  62  5:20  Probe  
  63  5:21  Probe  
  63  5:25  Stalker  
  66  5:29  Phoenix  
  66  5:30  Pylon, Stalker  
  66  5:32  Probe  
  69  5:36  Probe  
  69  5:37  Charge (Chrono Boost)  
  70  5:44  Gateway  
  70  5:45  Gateway  
  70  5:46  Templar Archives  
  70  5:49  Probe  
  71  5:50  Probe  
  72  6:01  Probe  
  72  6:02  Protoss Ground Weapons Level 2 (Chrono Boost)  
  73  6:04  Gateway x2  
  73  6:07  Probe  
  73  6:11  Probe  
  75  6:14  Probe (Chrono Boost)  
  75  6:16  Phoenix  
  76  6:19  Robotics Facility  
  76  6:23  Probe x2 (Chrono Boost)  
  79  6:26  Probe (Chrono Boost)  
  81  6:33  Probe (Chrono Boost)  
  81  6:34  Probe (Chrono Boost), Stalker x2  
  81  6:35  Probe (Chrono Boost)  
  81  6:38  Probe (Chrono Boost)  
  87  6:40  Probe  
  87  6:43  Probe  
  89  6:49  Probe  
  89  6:50  Nexus  
  89  6:52  Probe  
  91  6:55  Probe  
  92  7:01  Probe  
  92  7:04  Probe  
  92  7:05  Phoenix, Pylon  
  92  7:07  Pylon  
  92  7:08  Probe, Assimilator x2  
  95  7:10  Observer  
  95  7:13  Probe, Pylon  
  97  7:16  Probe  
  97  7:19  Gateway x2  
  97  7:20  Probe  
  99  7:25  Forge  
  99  7:26  Probe  
  100  7:30  Probe, Gateway x2  
  100  7:33  Observer  
  100  7:36  Probe  
  103  7:38  Probe  
  103  7:42  Probe  
  105  7:47  High Templar x6  
  105  7:48  Probe  
  105  7:49  Pylon  
  105  7:50  Archon, Pylon  
  105  7:51  Archon x2  
  118  7:57  Protoss Ground Armor Level 1 (Chrono Boost)  
  118  7:59  Probe  
  118  8:04  Probe  
  120  8:07  Pylon  
  120  8:08  Pylon  
  120  8:09  Pylon  
  120  8:14  Warp Prism  
  120  8:15  Gateway x2  
  122  8:20  High Templar  
  122  8:21  High Templar, Zealot x3  
  132  8:27  Archon  
  132  8:32  High Templar, Pylon  
  132  8:34  High Templar, Nexus  
  134  8:39  Archon, Zealot x3  
  140  8:47  Protoss Ground Weapons Level 3 (Chrono Boost)  
  140  8:56  Pylon  
  140  8:58  Zealot  
  140  8:59  Zealot x4  
  150  9:08  Zealot x5  
  160  9:12  Probe x4  
  160  9:13  Observer  
  160  9:15  Zealot x2  
  168  9:21  Assimilator  
  168  9:24  Probe x4  
  168  9:26  Protoss Air Weapons Level 1 (Chrono Boost)  
  168  9:28  High Templar x4, Zealot x2  
  168  9:29  Zealot  
  186  9:31  Pylon  
  186  9:32  Archon x2  
  186  9:33  Zealot x2  
  190  9:41  Protoss Ground Armor Level 2 (Chrono Boost)  
  187  10:08  Stargate  
  187  10:09  Stargate  
  187  10:10  Assimilator  
  187  10:11  Stargate  
  187  10:13  Assimilator x2  
  187  10:15  Photon Cannon, Shield Battery  
  187  10:16  Photon Cannon x2  
  187  10:17  Shield Battery x2  
  187  10:19  Photon Cannon  
  153  10:52  Phoenix (Chrono Boost)  
  153  10:53  Phoenix (Chrono Boost)  
  153  10:55  Stargate  
  153  10:56  Stargate  
  153  10:58  Fleet Beacon  
  153  10:59  Phoenix (Chrono Boost)  
  153  11:01  Stargate  
  155  11:05  Zealot x4  
  161  11:16  Observer (Chrono Boost), Phoenix x3  
  164  11:23  Cybernetics Core  
  164  11:29  Observer (Chrono Boost), Photon Cannon  
  164  11:31  Photon Cannon, Protoss Air Armor Level 1 (Chrono Boost)  
  164  11:32  Photon Cannon  
  165  11:33  Pylon  
  165  11:35  Pylon  
  165  11:36  Photon Cannon  
  165  11:38  Pylon  
  165  11:41  Pylon  
  165  11:42  Phoenix x2 (Chrono Boost)  
  165  11:45  Anion Pulse-Crystals (Chrono Boost)  
  171  11:49  Zealot x2  
  171  11:50  Phoenix (Chrono Boost), Zealot x10  
  191  11:57  Phoenix (Chrono Boost)  
  191  11:58  Phoenix (Chrono Boost)  
  191  11:59  Phoenix x2 (Chrono Boost)  
  183  12:09  Phoenix  
  183  12:10  Phoenix  
  187  12:21  Zealot x5  
  197  12:23  Nexus  
  197  12:25  Phoenix (Chrono Boost)  
  197  12:29  Phoenix (Chrono Boost)  
  198  12:30  Phoenix (Chrono Boost)  
  198  12:34  Phoenix (Chrono Boost)  
  174  12:38  Phoenix (Chrono Boost)  
  166  12:46  Phoenix (Chrono Boost)  
  166  12:49  Zealot  
  166  12:50  Phoenix (Chrono Boost), Zealot x8  
  185  12:52  Phoenix (Chrono Boost)  
  185  12:53  Phoenix (Chrono Boost)  
  185  12:56  Protoss Shields Level 1  
  185  13:04  Pylon  
  185  13:08  Assimilator  
  185  13:10  Phoenix x3  
  185  13:11  Assimilator  
  191  13:14  Protoss Air Weapons Level 2  
  191  13:18  Phoenix  
  191  13:19  Phoenix  
  161  13:28  Phoenix (Chrono Boost)  
  155  13:35  Phoenix x2 (Chrono Boost)  
  155  13:37  Phoenix (Chrono Boost)  
  155  13:38  Zealot  
  155  13:39  Zealot x5  
  167  13:45  Phoenix (Chrono Boost)  
  153  13:52  Phoenix x2 (Chrono Boost)  
  153  13:54  Zealot x3  
  159  13:57  Phoenix x2 (Chrono Boost)  
  163  14:04  Phoenix  
  163  14:08  Phoenix (Chrono Boost)  
  163  14:09  Phoenix (Chrono Boost)  
  169  14:18  Phoenix x2 (Chrono Boost)  
  169  14:24  Phoenix (Chrono Boost)  
  175  14:39  Phoenix (Chrono Boost)  
  175  14:40  Phoenix x3 (Chrono Boost)  
  175  14:42  Phoenix (Chrono Boost)  
  179  14:49  Zealot x4  
  179  14:50  Zealot x4  
  197  14:53  Phoenix (Chrono Boost)  
  197  14:56  Phoenix (Chrono Boost)  
  197  14:58  Phoenix (Chrono Boost)  
  197  14:59  Phoenix (Chrono Boost)  
  199  15:16  Phoenix  
Tags
 
Add a new tag
Caveats
  • Supply blocks, unpowered buildings, or Contaminate may cause inaccurate times.
  • Supply counts are checked every 10 seconds.